 Dungeon Crawl Stone Soup version 0.26-a0-466-g989023bd0d (webtiles) character file.

Game seed: 10153447362908602824

560 Conn the Sneak (level 7, -2/43 HPs)
             Began as an Octopode Hedge Wizard on July 29, 2020.
             Was an Initiate of Vehumet.
             Killed by divine providence
             ... invoked by an orc priest
              (12 damage)
             ... on level 5 of the Dungeon.
             The game lasted 00:14:45 (3220 turns).

Conn the Sneak (Octopode Hedge Wizard)              Turns: 3220, Time: 00:14:46

Health: -2/43      AC:  1    Str:  9    XL:     7   Next: 31%
Magic:  10/14      EV: 13    Int: 19    God:    Vehumet [......]
Gold:   324        SH:  5    Dex: 11    Spells: 7/15 levels left

rFire    . . .     SeeInvis .   s - +2 dagger (chaos)
rCold    . . .     Faith    .   y - +2 buckler
rNeg     . . .     Spirit   .   b - +0 hat
rPois    .         Reflect  .   l - amulet of regeneration
rElec    .         Harm     .   (no ring)
rCorr    .                      (no ring)
MR       .....                  (no ring)
Stlth    ++++......             (no ring)
HPRegen  0.54/turn              (no ring)
MPRegen  0.14/turn              (no ring)
                                (no ring)
                                (no ring)

@: lightly drained
A: almost no armour, stealthy swim, amphibious, 8 rings, constrict 8, camouflage
1, gelatinous body 1
a: Renounce Religion


You were on level 5 of the Dungeon.
You worshipped Vehumet.
Vehumet was noncommittal.
You visited 2 branches of the dungeon, and saw 6 of its levels.

You collected 324 gold pieces.

Inventory:

Hand Weapons
 a - a +0 dagger
 s - a +2 dagger of chaos (weapon)
 x - a +2 trident of flaming
Missiles
 m - 24 sling bullets
Armour
 b - a +0 hat (worn)
 y - a +2 buckler (worn)
Jewellery
 l - an amulet of regeneration (around mantle)
Wands
 o - a wand of disintegration (6)
 p - a wand of random effects (12)
Scrolls
 c - 2 scrolls of remove curse
 d - a scroll of enchant armour {unknown}
 e - a scroll of enchant weapon {unknown}
 h - a scroll of amnesia {unknown}
 i - 5 scrolls of teleportation
 j - 2 scrolls of random uselessness {unknown}
 q - 5 scrolls of identify
 r - a scroll of immolation {unknown}
 v - a scroll of fear {unknown}
Potions
 f - 6 potions of curing {unknown}
 g - a potion of cancellation {unknown}
 k - 2 potions of haste {unknown}
 n - a potion of lignification {unknown}
 t - a potion of stabbing {unknown}
 u - a potion of resistance {unknown}
 w - a potion of degeneration {unknown}


   Skills:
 + Level 1.3(1.1) Fighting
 + Level 2.8(2.6) Short Blades
 + Level 1.2(0.9) Polearms
 + Level 0.9(0.7) Throwing
 + Level 3.0(2.7) Dodging
 + Level 5.1(4.8) Stealth
 + Level 4.7(4.4) Spellcasting
 + Level 1.7(1.5) Conjurations
 + Level 1.6(1.4) Summonings
 + Level 1.6(1.3) Translocations
 + Level 0.9(0.7) Evocations


You had 7 spell levels left.
You knew the following spells:

 Your Spells              Type           Power        Failure   Level
a - Magic Dart            Conj           ##..         12%         1
b - Blink                 Tloc           N/A          19%         2
c - Call Imp              Summ           #.......     19%         2
d - Conjure Flame         Conj/Fire      #.......     43%         3

Your spell library contained the following spells:

 Spells                   Type           Power        Failure   Level
 Slow                     Hex            #.......     32%         2
 Mephitic Cloud           Conj/Pois/Air  #.......     47%         3


Dungeon Overview and Level Annotations

Branches:
Dungeon (5/15)             Temple (1/1) D:4

Altars:
Ashenzari
Dithmenos
Elyvilon
Fedhas
Gozag
Makhleb
Okawaru
Qazlal
Trog
Uskayaw
Vehumet
Wu Jian
Xom
Zin
The Shining One


Innate Abilities, Weirdness & Mutations

You cannot wear most types of armour.
You are very stealthy in the water. (Stealth+)
You are amphibious.
You can wear up to eight rings at the same time.
You can use your tentacles to constrict eight enemies at once.
Your skin changes colour to match your surroundings (Stealth+).
Your rubbery body absorbs attacks. (AC +1, EV +1)


Message History

Your +2 trident of flaming stops flaming.
Your +2 dagger of chaos is briefly surrounded by a scintillating aura of random colours.
s - a +2 dagger of chaos (weapon)
The orc priest barely misses you.
You barely miss the orc priest. Your grab misses the orc priest.
The orc priest blocks your attack.
The orc priest is almost dead.
Your shadow imp closely misses the orc priest.
You hit the orc priest but do no damage.
You grab the orc priest. The orc priest blocks your attack.
The orc priest is almost dead.
You constrict the orc priest, but do no damage.
You block the orc priest's attack.
The orc priest blocks your shadow imp's attack.
The orc priest blocks your attack.
The orc priest is almost dead.
You constrict the orc priest, but do no damage.
The orc priest calls down the wrath of Beogh upon you.
Beogh smites you!
You die...

.#..... .......
#..... #..... .##
###.... #?..
.......#######....
.).....o.........
. #@5.#....$.
....##.....#
#......)...###
....#.###)#...##
## #.###.# ...#
#..#..# #...
#..)## #.#
##..†###.#
#.....#.########


You could see an orc priest and a friendly shadow imp (summoned).

Vanquished Creatures
  2 scorpions (D:5)
  4 crimson imps (D:3)
  An orc priest (D:4)
  3 orc wizards
  Ijyb (D:3)
  A hound zombie (D:5)
  6 adders
  A white imp (D:4)
  3 dart slugs
  3 leopard geckos
  21 orcs
  A ball python (D:3)
  4 bats
  2 giant cockroaches
  7 hobgoblins
  3 jackals (D:4)
  A quokka (D:3)
  4 frilled lizards
  4 goblins
  A jackal skeleton (D:4)
  5 kobolds
  A quokka skeleton (D:4)
  6 rats
85 creatures vanquished.

Vanquished Creatures (collateral kills)
  An orc wizard (D:3)
  3 gnolls (D:5)
  An adder (D:3)
  A worm (D:5)
  A leopard gecko (D:4)
  2 orcs (D:3)
9 creatures vanquished.

Grand Total: 94 creatures vanquished

Notes
Turn   | Place    | Note
-------+----------+-------------------------------------------
     0 | D:1      | Conn the Octopode Hedge Wizard began the quest for the Orb.
     0 | D:1      | Reached XP level 1. HP: 11/11 MP: 4/4
   270 | D:1      | Reached XP level 2. HP: 17/17 MP: 6/6
  1061 | D:2      | Reached skill level 3 in Stealth
  1061 | D:2      | Reached XP level 3. HP: 21/21 MP: 8/8
  1065 | D:2      | Learned a level 2 spell: Blink
  1068 | D:2      | Learned a level 2 spell: Call Imp
  1072 | D:2      | Learned a level 3 spell: Conjure Flame
  1092 | D:2      | Found a white marble altar of Elyvilon.
  1148 | D:2      | Found a hide-covered altar of Uskayaw.
  1217 | D:2      | Found a glowing golden altar of the Shining One.
  1612 | D:3      | Noticed Ijyb
  1622 | D:3      | Killed Ijyb
  1622 | D:3      | Reached XP level 4. HP: 24/27 MP: 10/10
  1766 | D:3      | Reached skill level 1 in Short Blades
  1766 | D:3      | Reached XP level 5. HP: 27/31 MP: 11/11
  1785 | D:3      | Reached skill level 4 in Stealth
  1863 | D:3      | Found a shimmering altar of Xom.
  1911 | D:3      | Reached XP level 6. HP: 37/37 MP: 2/12
  2290 | D:4      | Reached skill level 1 in Fighting
  2359 | D:4      | Found a shattered altar of Ashenzari.
  2382 | D:4      | Found a stormy altar of Qazlal.
  2485 | D:4      | Reached skill level 5 in Stealth
  2542 | D:4      | Found a staircase to the Ecumenical Temple.
  2582 | Temple   | Entered the Ecumenical Temple
  2655 | Temple   | Became a worshipper of Vehumet
  2889 | D:4      | Reached XP level 7. HP: 43/43 MP: 14/14
  3042 | D:4      | Found an ornate altar of the Wu Jian Council.
  3129 | D:5      | Entered Level 5 of the Dungeon
  3189 | D:5      | Reached skill level 1 in Polearms
  3220 | D:5      | Killed from afar by an orc priest

Illustrated notes

Levels and vault maps discovered:
D:1:      erik_arrival_cave_to_civilisation [erik_arrival_cave_to_hall],
          layout_basic
D:2:      layout_rooms, elyvilon_altar_5, eat_drink_and_be_merry_uskayaw,
          grunt_ministairs_12, tso_altar
D:3:      layout_rooms, led_xom_imps, uniq_ijyb
D:4:      layout_basic, kennysheep_mini_moat, lemuel_doored_altar,
          minmay_temple_entry_sparse_star, grunt_qazlal_clouds
D:5:      layout_rooms, serial_shops, nicolae_shop_behind_doors
Temple:   jpeg_temple_island

Skill      XL: |  1  2  3  4  5  6  7 |
---------------+----------------------+-----
Stealth        | 3 4 5 |  5.1
Spellcasting   | 4 |  4.7
Short Blades   | 1 2 |  2.8
Fighting       | 1 |  1.3
Polearms       | 1 |  1.2
Dodging        | 3 |  3.0
Throwing       | |  0.9
Conjurations   | |  1.7
Summonings     | |  1.6
Translocations | |  1.6
Evocations     | |  0.9

Action                   |  1- 3 |  4- 6 |  7- 9 || total
-------------------------+-------+-------+-------++-------
Melee: Dagger            |    43 |   156 |     3 ||   202
       Constrict         |    11 |    31 |     8 ||    50
       Tentacles         |     7 |    20 |     5 ||    32
       Trident           |       |     3 |    29 ||    32
Throw: Boomerang         |       |     4 |       ||     4
 Cast: Magic Dart        |    34 |    12 |     6 ||    52
       Call Imp          |       |     7 |     4 ||    11
       Blink             |       |     3 |       ||     3
Evoke: Wand              |       |     7 |       ||     7
  Use: Scroll            |       |     3 |       ||     3
 Stab: Sleeping          |     7 |     4 |       ||    11
       Distracted        |       |       |     1 ||     1
Armor: Skin              |       |     7 |     1 ||     8
Dodge: Dodged            |    22 |    90 |    15 ||   127
Block: Buckler           |       |     1 |     6 ||     7

Table legend: (Time is in decaauts)
 A = Elapsed time spent in this place.
 B = Non-inter-level travel time spent in this place.
 C = Inter-level travel time spent in this place.
 D = Time resting spent in this place.
 E = Time spent auto-exploring this place.
 F = Levels seen in this place.
 G = Mean time per level.
                   A        B        C        D        E       F      G
               +--------+--------+--------+--------+--------+-----+--------+
         Total |   3211 |   3108 |    103 |     66 |   1634 |   6 |  535.2 |
       Dungeon |   3109 |   3034 |     75 |     66 |   1634 |   5 |  621.8 |
        Temple |    101 |     73 |     28 |      0 |      0 |   1 |  101.0 |
               +--------+--------+--------+--------+--------+-----+--------+

Top non-repeatable levels by time:
     D:1: 1010 daAuts
     D:4: 786 daAuts
     D:3: 704 daAuts
     D:2: 511 daAuts
  Temple: 101 daAuts
     D:5: 96 daAuts
